 Dungeon Crawl Stone Soup version 0.28.0 (webtiles) character file.

Game seed: 7758422339722463275

161 croobank the Grave Robber (level 5, -1/25 HPs)
             Began as a Vine Stalker Necromancer on Feb 5, 2022.
             Slain by an iguana (9 damage)
             ... on level 3 of the Dungeon.
             The game lasted 00:12:27 (2721 turns).

croobank the Grave Robber (VSNe)                    Turns: 2721, Time: 00:12:28

Health: -1/25      AC:  7    Str: 10    XL:     5   Next: 42%
Magic:  0/10       EV: 12    Int: 17    God:
Gold:   87         SH:  0    Dex: 15    Spells: 0/9 levels left

rFire   . . .      SeeInvis .   i - +0 flail
rCold   . . .      Faith    .   (no shield)
rNeg    . . .      Spirit   +   c - +0 robe
rPois   .          Reflect  .   (no helmet)
rElec   .          Harm     .   (no cloak)
rCorr   +          Rampage  .   (no gloves)
Will    .....                   p - +0 pair of boots
Stlth   ++........              (no amulet)
HPRegen 0.88/turn               g - ring of resist corrosion
MPRegen 0.12/turn               r - +4 ring of protection

@: no status effects
A: fangs 2, regeneration 1, magic shield, antimagic bite, no potion heal 2
a: no special abilities


You were on level 3 of the Dungeon.
You visited 1 branch of the dungeon, and saw 3 of its levels.

You collected 87 gold pieces.

Inventory:

Hand Weapons
 a - a +0 dagger
 h - a +0 whip of pain
 i - a +0 flail (weapon)
Missiles
 d - 86 stones
 f - 5 poisoned darts
 m - 27 arrows
 n - 20 sling bullets
 v - 3 boomerangs
 x - 29 bolts
Armour
 c - a +0 robe (worn)
 l - a +0 ring mail
 o - a +0 leather armour
 p - a +0 pair of boots (worn)
Jewellery
 g - a ring of resist corrosion (left hand)
 r - a +4 ring of protection (right hand)
Wands
 z - a wand of iceblast (10)
Scrolls
 b - a scroll of magic mapping {unknown}
 j - a scroll of fear {unknown}
 k - a scroll of teleportation {unknown}
 q - 2 scrolls of fog {unknown}
 t - a scroll of immolation {unknown}
 u - a scroll of enchant weapon {unknown}
 y - a scroll of identify
Potions
 e - 4 potions of curing
 w - a potion of magic {unknown}


   Skills:
 + Level 0.7 Fighting
 + Level 0.1 Short Blades
 + Level 2.1 Maces & Flails
 + Level 2.1 Dodging
 + Level 3.6 Stealth
 + Level 2.7 Spellcasting
 + Level 4.7 Necromancy


You couldn't memorise any spells.
You knew the following spells:

 Your Spells              Type           Power      Damage    Failure   Level
a - Pain                  Necr           72%        1d7       2%          1
b - Animate Skeleton      Necr           36%        N/A       2%          1
c - Vampiric Draining     Necr           18%        2d7       8%          3
d - Animate Dead          Necr           9%         N/A       26%         4

Your spell library contained the following spells:

 Spells                   Type           Power      Damage    Failure   Level
 Agony                    Necr           18%        N/A       56%         5


Dungeon Overview and Level Annotations

Branches:
Dungeon (3/15)

Altars:

Annotations:
D:2 Sigmund


Innate Abilities, Weirdness & Mutations

You have extremely sharp teeth.
Your natural rate of healing is unusually fast.
When hurt, damage is shared between your health and your magic reserves.
Your bite disrupts and absorbs the magic of your enemies.
Potions cannot restore your health.


Message History

You finish memorising.
Spell assigned to 'd'.
You climb downwards.
The iguana barely misses you.
There is a stone staircase leading up here.
Casting: Animate Skeleton (safe; 2% risk of failure)
Confirm with . or Enter, or press ? or * to list all spells.
Aiming: Pain (safe; 2% risk of failure)
Press: ? - help, Shift-Dir - straight line, f - iguana
Aim: an iguana (chance to affect: 83%)
The iguana writhes in agony.
The iguana bites you!
Casting: Pain (safe; 2% risk of failure)
Confirm with . or Enter, or press ? or * to list all spells.
Aiming: Pain (safe; 2% risk of failure)
Press: ? - help, Shift-Dir - straight line, f/p - iguana
Aim: an iguana (moderately wounded, chance to affect: 83%)
The iguana writhes in agony.
The iguana bites you!
Casting: Pain (safe; 2% risk of failure)
Confirm with . or Enter, or press ? or * to list all spells.
Aiming: Pain (safe; 2% risk of failure)
Press: ? - help, Shift-Dir - straight line, f/p - iguana
Aim: an iguana (moderately wounded, chance to affect: 83%)
The iguana writhes in agony.
The iguana bites you!
* * * LOW HITPOINT WARNING * * *
Casting: Pain (safe; 2% risk of failure)
Confirm with . or Enter, or press ? or * to list all spells.
You don't have enough magic to cast this spell.
The iguana closely misses you.
The quokka twitches its whiskers. x2
Casting: Pain (safe; 2% risk of failure)
Confirm with . or Enter, or press ? or * to list all spells.
Aiming: Pain (safe; 2% risk of failure)
Press: ? - help, Shift-Dir - straight line, f/p - iguana
Aim: an iguana (moderately wounded, chance to affect: 83%)
The iguana writhes in agony.
The iguana bites you!
Casting: Pain (safe; 2% risk of failure)
Confirm with . or Enter, or press ? or * to list all spells.
Aiming: Pain (safe; 2% risk of failure)
Press: ? - help, Shift-Dir - straight line, f/p - iguana
Aim: an iguana (heavily wounded, chance to affect: 83%)
The iguana writhes in agony.
The iguana bites you!
You die...

#####...## ##.##
# ######.#######
#.#............##
.#.####.........
..# #.#####.##
#.# #r#
####.####l#
#...#...@.#
#.##.######
#.##.# #.##..
#.##... #.######
#.# #.# #.#


You could see an iguana and a quokka.

Vanquished Creatures
  An orc wizard (D:3)
  A hound skeleton (D:2)
  2 adders
  4 gnolls (D:2)
  A worm (D:2)
  2 dart slugs
  3 orcs (D:3)
  2 ball pythons
  5 endoplasms
  A giant cockroach (D:3)
  5 goblins
  2 hobgoblins (D:1)
  7 jackals
  5 quokkas
  5 bats
  2 frilled lizards (D:1)
  4 kobolds (D:1)
  3 rats
55 creatures vanquished.

Vanquished Creatures (others)
  20 plants (D:2)
20 creatures vanquished.

Grand Total: 75 creatures vanquished

Notes
Turn   | Place    | Note
-------+----------+-------------------------------------------
     0 | D:1      | croobank the Vine Stalker Necromancer began the quest for
                  | the Orb.
     0 | D:1      | Reached XP level 1. HP: 9/9 MP: 4/4
   258 | D:1      | Reached XP level 2. HP: 8/13 MP: 0/6
   560 | D:1      | Learned a level 1 spell: Animate Skeleton
   980 | D:1      | Reached XP level 3. HP: 11/16 MP: 7/7
   984 | D:1      | Learned a level 3 spell: Vampiric Draining
  1554 | D:2      | Noticed Sigmund
  1850 | D:2      | Gained mutation: Your natural rate of healing is unusually
                  | fast. [Vine Stalker growth]
  1850 | D:2      | Reached XP level 4. HP: 13/21 MP: 4/8
  1917 | D:2      | Reached skill level 1 in Maces & Flails
  2189 | D:2      | Reached XP level 5. HP: 25/25 MP: 9/9
  2701 | D:2      | Learned a level 4 spell: Animate Dead
  2721 | D:3      | Slain by an iguana

Illustrated notes

Levels and vault maps discovered:
D:1:      dpeg_arrival_round_a, layout_basic, nrook_mini_backslash,
          kennysheep_crisscross
D:2:      wad_woods_settlement, layout_basic, minmay_crystal_water, uniq_sigmund
D:3:      layout_loops_ring, dk_noncrumbling_3, uniq_natasha

Skill      XL: |  1  2  3  4  5 |
---------------+----------------+-----
Stealth        | 3 |  3.6
Maces & Flails | 1 2 |  2.1
Dodging        | 2 |  2.1
Fighting       | |  0.7
Short Blades   | |  0.1
Spellcasting   | |  2.7
Necromancy     | |  4.7

Action                   |  1- 3 |  4- 6 || total
-------------------------+-------+-------++-------
Melee: Unarmed           |    16 |       ||    16
       Bite              |    26 |    22 ||    48
       Dagger            |    12 |       ||    12
       Flail             |    47 |    70 ||   117
       Punch             |       |     1 ||     1
 Cast: Pain              |    15 |    11 ||    26
       Animate Skeleton  |     3 |     1 ||     4
       Vampiric Draining |     2 |       ||     2
  Use: Scroll            |     3 |     1 ||     4
       Potion            |       |     1 ||     1
 Stab: Sleeping          |     3 |     5 ||     8
Armor: Robe              |    24 |    31 ||    55
Dodge: Dodged            |    82 |    66 ||   148
